 Dungeon Crawl Stone Soup version 0.18.1-48-g4cf74bf (webtiles) character file.

10166 rkrisztian the Blocker (level 11, -6/98 (99) HPs)
             Began as a Minotaur Fighter on Aug 31, 2016.
             Was a High Priest of Okawaru.
             Engulfed by a cloud of flame (22 damage)
             ... in a volcano on Sept 1, 2016.
             The game lasted 02:27:48 (14153 turns).

rkrisztian the Blocker (Minotaur Fighter)          Turns: 14153, Time: 02:27:49

HP:   -6/98 (99)    AC:  9    Str: 24    XL:     11   Next: 32%
MP:   10/10         EV: 13    Int:  3    God:    Okawaru [*****.]
Gold: 434           SH: 13    Dex: 10    Spells: 0 memorised, 10 levels left

rFire  . . .     SeeInvis .     p - +6 eveningstar (pain)
rCold  . . .     Gourm    .     n - +5 leather armour of Omission {Slay+4}
rNeg   . . .     Faith    .     c - +0 shield
rPois  .         Spirit   .     (helmet unavailable)
rElec  .         Dismiss  .     (no cloak)
rCorr  .         Reflect  .     (no gloves)
SustAt .         Harm     .     (no boots)
MR     .....                    (no amulet)
Stlth  +.........               (no ring)
                                (no ring)

@: not resistant to hostile enchantments, very unstealthy
A: retaliatory headbutt, horns 3, dopey 1
a: Heroism, Finesse, Renounce Religion


You were in a volcano.
You worshipped Okawaru.
Okawaru was extremely pleased with you.
You were not hungry.

You visited 3 branches of the dungeon, and saw 12 of its levels.
You also visited: Sewer, Ossuary and Volcano.

You collected 602 gold pieces.
You spent 168 gold pieces at shops.

Inventory:

Hand Weapons
 a - a +0 shortbow
 b - a +3 battleaxe of freezing
 k - a +3 dire flail of protection
 m - a +0 blowgun
 p - a +6 eveningstar of pain (weapon)
 x - a +2 shortbow of flaming
 A - a +2 mace of crushing
 I - a +1 war axe of chopping
 N - a +2 whip of flaming
 U - a +0 shortbow
Missiles
 s - 45 poisoned needles
 u - 5 tomahawks (quivered)
 y - 2 exploding tomahawks
 W - 7 needles of paralysis
 X - 8 needles of frenzy
 Z - 24 arrows
Armour
 c - a +0 shield (worn)
 n - the +5 leather armour of Omission (worn) {Slay+4}
   (You found it on level 10 of the Dungeon)

   It affects your accuracy and damage with ranged weapons and melee attacks
   (+4).
 w - a +1 plate armour
 M - a +0 leather armour of fire resistance
 V - a +1 scale mail of fire resistance
Jewellery
 L - an uncursed ring of wizardry
 O - an uncursed ring of fire
Wands
 F - a wand of enslavement (13/24)
 J - a wand of random effects (28/48)
Scrolls
 j - 4 scrolls of identify
 o - 3 scrolls of enchant weapon
 C - 3 scrolls of recharging
 E - 5 scrolls of teleportation
 G - 6 scrolls of remove curse
 H - 2 scrolls of amnesia
 Y - a scroll of fog
Potions
 d - 3 potions of might
 e - 2 potions of ambrosia
 g - 2 potions of resistance
 h - 4 potions of invisibility
 i - 4 potions of flight {unknown}
 l - 3 potions of cure mutation
 q - 4 potions of lignification
 t - 4 potions of heal wounds {unknown}
 v - 3 potions of haste
 z - 7 potions of curing
 B - 3 potions of brilliance {unknown}
 D - 2 potions of cancellation
 P - a potion of agility {unknown}
 Q - a potion of mutation
 R - a potion of berserk rage {unknown}
Comestibles
 f - 10 bread rations
 r - 8 slices of pizza
 K - 3 fruits
 T - a meat ration


   Skills:
 * Level 9.9 Fighting
 + Level 0.8(5.8) Axes
 + Level 9.3 Maces & Flails
 + Level 10.8 Armour
 + Level 5.0 Dodging
 + Level 1.2 Stealth
 + Level 12.4 Shields
 + Level 1.0 Invocations


You had 10 spell levels left.
You didn't know any spells.

Dungeon Overview and Level Annotations

Branches:
Dungeon (10/15)            Temple (1/1) D:4            Lair (1/8) D:10
    Orc: D:9-12

Altars:
Ashenzari
Cheibriados
Dithmenos
Elyvilon
Fedhas
Gozag
Kikubaaqudgha
Makhleb
Nemelex Xobeh
Okawaru
Pakellas
Qazlal
Ru
Sif Muna
Trog
Vehumet
Xom
Yredelemnul
Zin
The Shining One

Shops:
D:4 ?   D:6 *

Portals:
Trove: D:10 (give +3 storm dragon armour)

Annotations:
D:9 exclusion: ice statue


Innate Abilities, Weirdness & Mutations

You reflexively headbutt those who attack you in melee.
You have a pair of large horns on your head.
You are dopey. (Int -2)


Message History

Magic restored.
You start resting.
The air gets thick with the scent of sulphur.
You start resting.
In the distance, the volcano erupts with a roar.
You see here a runed eveningstar {god gift}.
p - a runed eveningstar {god gift} You have a feeling of ineptitude.
p - a +6 eveningstar of pain (weapon)
You start resting.
The air gets thick with the scent of sulphur.
Items here: ))))) [[[ ††††
x - an uncursed shortbow of flaming;
M - a leather armour of fire resistance Butcher a hog corpse? [(y)es/(c)hoosy/(n)o/(a)ll/(e)dible/(q)uit/?]
You butcher the hog corpse.
In the distance, the volcano erupts with a roar.
You are engulfed in roaring flames.
You stop butchering the corpses.
* * * LOW HITPOINT WARNING * * *
You are engulfed in roaring flames.
You die...

§≈§≈≈≈ §§§§§
§§§§# §§§####
#§§##.##
#§§#.#∩#
#§§#.#∩#
##§§#@###
#§§§§##
.......§##
.≈≈.≈..≈≈
≈≈≈≈.≈≈≈≈≈
≈≈≈≈≈≈≈≈≈≈≈
≈≈≈≈≈≈≈≈≈≈≈≈
≈≈≈≈≈≈≈≈≈≈≈≈≈
≈≈≈≈≈≈≈≈≈≈≈≈≈≈


There were no monsters in sight!

Vanquished Creatures
  The ghost of Tagedieb the Unseen, a journeyman OpAs of Dithmenos (Volcano)
  The ghost of rastmirit the Nimble, a journeyman TrFi of Okawaru (D:10)
  Pikel (D:7)
  3 deep elf magi (Volcano)
  A spiny frog (Lair:1)
  The ghost of dricus the Twirler, an amateur GrGl (D:5)
  Sigmund (D:2)
  3 yaks (D:10)
  A fire bat (Volcano)
  A wyvern (D:10)
  2 hogs (Volcano)
  A human (D:10)
  A hippogriff (D:9)
  2 water moccasins (Lair:1)
  2 hell hounds (Lair:1)
  2 ice beasts
  2 orc warriors (D:10)
  A phantom (D:5)
  A necrophage (D:5)
  6 ogres
  7 centaurs
  A wasp (D:6)
  2 crocodiles (D:10)
  2 big kobolds
  3 giant frogs
  A wyvern zombie (D:10)
  A wyvern skeleton (D:10)
  4 scorpions
  A water moccasin skeleton (D:7)
  11 killer bees
  5 wights (D:9)
  3 crimson imps
  7 bog bodies (Ossuary)
  5 centaur zombies
  3 jellies
  2 giant frog zombies (Ossuary)
  3 hounds
  A centaur skeleton (D:5)
  4 orc priests
  A giant frog skeleton (D:10)
  Ijyb (D:3)
  Terence (D:3)
  Jessica (D:2)
  5 iguanas
  10 orc wizards
  4 worker ants
  A killer bee zombie (Ossuary)
  A hound skeleton (D:6)
  7 mummies (Ossuary)
  2 worker ant zombies (Ossuary)
  A river rat (Sewer)
  15 adders
  2 howler monkey skeletons
  2 oozes (D:1)
  4 adder zombies
  2 adder skeletons
  4 worms
  A dart slug (D:1)
  12 giant geckos
  42 orcs
  8 giant cockroaches
  13 hobgoblins
  15 jackals
  4 quokkas
  2 ball pythons
  8 bats
  A giant cockroach zombie (Ossuary)
  2 giant gecko skeletons
  4 giant gecko zombies (Ossuary)
  8 giant newts
  16 goblins
  2 jackal zombies
  18 kobolds
  3 quokka zombies
  10 rats
  3 plants (D:10)
336 creatures vanquished.

Vanquished Creatures (others)
  A wyvern (D:10)
  A slave (D:7)
  A water moccasin (D:7)
  A plant (D:10)
  2 withered plants (Ossuary)
6 creatures vanquished.

Grand Total: 342 creatures vanquished

Notes
Turn   | Place    | Note
--------------------------------------------------------------
     0 | D:1      | rkrisztian the Minotaur Fighter began the quest for the Orb.
     0 | D:1      | Reached XP level 1. HP: 19/19 MP: 0/0
   455 | D:1      | Reached XP level 2. HP: 27/27 MP: 1/1
   725 | D:1      | Reached skill level 4 in Shields
   834 | D:1      | Reached XP level 3. HP: 33/33 MP: 2/2
  1405 | D:2      | Reached XP level 4. HP: 36/40 MP: 3/3
  1525 | D:2      | Found a burning altar of Makhleb.
  1704 | D:2      | Noticed Sigmund
  1713 | D:2      | Killed Sigmund
  1713 | D:2      | Reached skill level 5 in Armour
  1713 | D:2      | Reached skill level 5 in Shields
  1713 | D:2      | Reached XP level 5. HP: 25/47 MP: 4/4
  2074 | D:2      | Found a white marble altar of Elyvilon.
  2215 | D:2      | Noticed Jessica
  2222 | D:2      | Killed Jessica
  2222 | D:2      | Reached XP level 6. HP: 50/53 MP: 5/5
  2741 | D:3      | Found a sacrificial altar of Ru.
  2741 | D:3      | Found a bloodstained altar of Trog.
  2741 | D:3      | Found a basalt altar of Yredelemnul.
  2741 | D:3      | Found a shattered altar of Ashenzari.
  2752 | D:3      | Found an ancient bone altar of Kikubaaqudgha.
  2926 | D:3      | Noticed Ijyb
  2944 | D:3      | Killed Ijyb
  3281 | D:2      | Found a snail-covered altar of Cheibriados.
  3496 | D:3      | Reached skill level 6 in Shields
  3689 | D:3      | Noticed Terence
  3700 | D:3      | Killed Terence
  4002 | D:4      | Reached XP level 7. HP: 53/60 MP: 6/6
  4086 | D:4      | Found a staircase to the Ecumenical Temple.
  4094 | Temple   | Entered the Ecumenical Temple
  4127 | Temple   | Became a worshipper of Warmaster Okawaru
  4275 | D:4      | Found Daatat's Magic Scroll Shop.
  4282 | D:4      | Bought a scroll of identify for 28 gold pieces
  4282 | D:4      | Bought a scroll of identify for 28 gold pieces
  4282 | D:4      | Bought a scroll of identify for 28 gold pieces
  4282 | D:4      | Bought a scroll of identify for 28 gold pieces
  4282 | D:4      | Bought a scroll of identify for 28 gold pieces
  4282 | D:4      | Bought a scroll of identify for 28 gold pieces
  4351 | D:4      | Found a glowing drain.
  4390 | Sewer    | Entered a sewer
  4655 | Sewer    | Found a white marble altar of Elyvilon.
  4741 | D:4      | Found an iron altar of Okawaru.
  5052 | D:4      | Found a sparkling altar of Nemelex Xobeh.
  5174 | D:4      | Found a glowing golden altar of the Shining One.
  5356 | D:5      | Entered Level 5 of the Dungeon
  5403 | D:5      | Reached skill level 5 in Fighting
  5403 | D:5      | Reached skill level 7 in Shields
  5727 | D:5      | Found a shimmering altar of Xom.
  5877 | D:5      | Reached XP level 8. HP: 61/67 MP: 7/7
  5924 | D:5      | Noticed dricus's ghost (amateur GrGl)
  5944 | D:5      | Killed dricus's ghost
  5944 | D:5      | Reached skill level 5 in Maces & Flails
  5944 | D:5      | Reached skill level 8 in Shields
  6200 | D:5      | Reached * piety under Okawaru
  6255 | D:6      | Paralysed by a wasp for 1 turns
  7042 | D:6      | Found Habaeb's Assorted Antiques.
  7422 | D:7      | Found a radiant altar of Vehumet.
  7549 | D:7      | Noticed Pikel
  7588 | D:7      | Killed Pikel
  7588 | D:7      | Reached ** piety under Okawaru
  7588 | D:7      | Reached skill level 9 in Shields
  7588 | D:7      | Reached XP level 9. HP: 65/74 MP: 8/8
  7673 | D:7      | Found a stormy altar of Qazlal.
  8148 | D:7      | Found an oddly glowing altar of Pakellas.
  8498 | D:8      | Reached skill level 10 in Shields
  8569 | D:8      | Reached skill level 10 in Armour
  8588 | D:8      | Found a sand-covered staircase.
  8601 | Ossuary  | Entered an ossuary
  8703 | Ossuary  | Reached *** piety under Okawaru
 10140 | D:9      | Reached XP level 10. HP: 80/83 MP: 7/9
 10152 | D:9      | Reached skill level 11 in Shields
 10494 | D:9      | Noticed an ice statue
 11372 | D:10     | Entered Level 10 of the Dungeon
 11430 | D:10     | Reached skill level 1 in Stealth
 11509 | D:10     | Found a staircase to the Lair.
 11576 | D:10     | Reached **** piety under Okawaru
 12109 | D:10     | Noticed rastmirit's ghost (journeyman TrFi)
 12162 | D:10     | Killed rastmirit's ghost
 12367 | D:10     | Got a faintly glowing leather armour
 12398 | D:10     | Identified the +5 leather armour of Omission {Slay+4} (You found it on level 10 of the Dungeon)
 12529 | D:10     | Reached ***** piety under Okawaru
 12532 | D:10     | Reached skill level 12 in Shields
 12924 | D:10     | Found a portal to a secret trove of treasure.
 13035 | D:10     | Found an oddly glowing altar of Pakellas.
 13035 | D:10     | Noticed an orange crystal statue
 13628 | Lair:1   | Entered Level 1 of the Lair of Beasts
 13723 | Lair:1   | Noticed a spiny frog
 13730 | Lair:1   | Killed a spiny frog
 13730 | Lair:1   | Reached XP level 11. HP: 86/96 MP: 10/10
 13831 | Lair:1   | Found a dark tunnel.
 13991 | Volcano  | Entered a volcano
 14017 | Volcano  | Noticed a deep elf mage
 14018 | Volcano  | Noticed a deep elf mage
 14027 | Volcano  | Noticed a deep elf mage
 14027 | Volcano  | Gained mutation: You are dopey. (Int -2) [potion of mutation]
 14027 | Volcano  | Gained mutation: You have a pair of large horns on your head. [potion of mutation]
 14030 | Volcano  | Killed a deep elf mage
 14032 | Volcano  | Noticed Tagedieb's ghost (journeyman OpAs)
 14035 | Volcano  | Killed a deep elf mage
 14035 | Volcano  | Received a gift from Okawaru
 14037 | Volcano  | Killed a deep elf mage
 14046 | Volcano  | Killed Tagedieb's ghost
 14046 | Volcano  | Reached skill level 5 in Dodging
 14046 | Volcano  | Reached skill level 1 in Invocations
 14153 | Volcano  | Engulfed by a cloud of flame

Skill      XL: |  1  2  3  4  5  6  7  8  9 10 11 |
---------------+----------------------------------+-----
Armour         | 4 5 7 9 10 | 10.8
Fighting       | 4 5 6 9 |  9.9
Shields        | 4 5 6 7 9 10 12 | 12.4
Maces & Flails | 3 4 6 7 9 |  9.3
Dodging        | 2 3 5 |  5.0
Stealth        | 1 |  1.2
Invocations    | 1 |  1.0
Axes           | |  0.8

Action                   |  1- 3 |  4- 6 |  7- 9 | 10-12 || total
-------------------------+-------+-------+-------+-------++-------
Melee: Flail             |   100 |       |       |       ||   100
       Headbutt          |    15 |    28 |    99 |    87 ||   229
       Mace              |    23 |   181 |   579 |   405 ||  1188
       War axe           |       |       |     8 |       ||     8
Invok: Heroism           |       |       |     1 |     5 ||     6
       Finesse           |       |       |       |     1 ||     1
  Use: Scroll            |     6 |    10 |    14 |     2 ||    32
       Potion            |       |       |     1 |     1 ||     2
  Eat: Chunk             |     1 |     4 |     5 |     6 ||    16
       Meat ration       |       |     1 |     2 |     1 ||     4
       Beef jerky        |       |       |     1 |     2 ||     3
       Bread ration      |       |       |     1 |       ||     1
       Fruit             |       |       |     1 |       ||     1
Armor: Scale mail        |    37 |       |       |       ||    37
       Ring mail         |    28 |    14 |       |       ||    42
       Plate armour      |       |    74 |   294 |   112 ||   480
       Leather armour    |       |       |       |    22 ||    22
Dodge: Dodged            |    55 |    36 |   122 |    80 ||   293
Block: Shield            |    66 |    99 |   298 |   211 ||   674
